 Dungeon Crawl Stone Soup version 0.30.0-15-g856e2d3f33 (webtiles) character file.

Game seed: 474435821552576313

911 qw the Chopper (level 8, -1/48 HPs)
             Began as a Gargoyle Cinder Acolyte on May 18, 2023.
             Was an Elder of Ignis.
             Killed by divine providence
             ... invoked by an orc priest
              (12 damage)
             ... on level 5 of the Dungeon.
             The game lasted 00:01:48 (3969 turns).

qw the Chopper (Gargoyle Cinder Acolyte)            Turns: 3969, Time: 00:01:49

Health: -1/48      AC: 22    Str: 20    XL:     8   Next: 8%
Magic:  9/9        EV:  8    Int: 15    God:    Ignis [****..]
Gold:   304        SH:  0    Dex:  5    Spells: 9/9 levels left

rFire   + . .        Y - +0 war axe
rCold   . . .        (no shield)
rNeg    + . .        h - +0 chain mail
rPois   inf          (no helmet)
rElec   +            (no cloak)
rCorr   .            (no gloves)
SInv    .            d - +0 pair of boots
Will    .....        (no amulet) Stlth
                     (no ring)
HPRegen 0.28/turn    (no ring)
MPRegen 0.11/turn

%: no passive effects
@: fiery-armoured
A: sickness immunity, AC +5, negative energy resistance 1, electricity
resistance, torment resistance 1, petrification resistance
a: Renounce Religion, Fiery Armour, Foxfire Swarm, Rising Flame


You were on level 5 of the Dungeon.
You worshipped Ignis.
Ignis was greatly pleased with you.
You visited 1 branch of the dungeon, and saw 5 of its levels.

You collected 304 gold pieces.


Innate Abilities, Weirdness & Mutations

You are immune to sickness and miasma.
Your stone body is resilient. (AC +5)
You are immune to poison.
You resist negative energy. (rN+)
You are resistant to electric shocks. (rElec)
You are resistant to unholy torment.
You are immune to petrification.


   Skills:
 + Level 4.9 Fighting
 - Level 7.4 Axes
 - Level 3.4 Armour
 - Level 1.0 Spellcasting
 - Level 3.0 Fire Magic


You had 9 spell levels left.
You didn't know any spells.
Your spell library contained the following spells:

 Spells                   Type           Power      Damage    Failure   Level
 Scorch                   Fire           18%        2d6       63%         2

Inventory:

Hand Weapons
 i - a -1 hand axe of flaming
 Y - a +0 war axe (weapon)
Armour
 d - a +0 pair of boots (worn)
 h - a +0 chain mail (worn)
Scrolls
 a - 3 scrolls of identify
Potions
 b - a potion of haste {unknown}
 e - a potion of invisibility {unknown}
 g - a potion of berserk rage {unknown}
 k - a potion of might {unknown}

Dungeon Overview and Level Annotations

Branches:
Dungeon (5/15)
 Temple: D:4-7

Altars:
Okawaru
Qazlal
Uskayaw
Wu Jian
Yredelemnul

Annotations:
D:4 3 runed translucent doors, qw's ghost, amateur GrCA; qw's ghost, novice GrCA; qw's ghost, weakling GrCA


Message History

The +9 mace of Giekhlufiw {spect, Fly Str+2 Dex+2} is lightly damaged.
The +9 mace of Giekhlufiw {spect, Fly Str+2 Dex+2} hits you!
The +9 mace of Giekhlufiw {spect, Fly Str+2 Dex+2} resists.
The +9 mace of Giekhlufiw {spect, Fly Str+2 Dex+2} is burned by your cloak of flames.
The +9 mace of Giekhlufiw {spect, Fly Str+2 Dex+2} is lightly damaged.
The orc priest hits you but does no damage.
The orc wizard gestures at you while chanting.
The magic dart hits you but does no damage.
You barely miss the orc wizard.
The orc wizard is almost dead.
You barely miss the orc priest.
You miss the +9 mace of Giekhlufiw {spect, Fly Str+2 Dex+2}.
The orc priest calls upon Beogh to heal the orc wizard.
The orc wizard is healed somewhat.
The +9 mace of Giekhlufiw {spect, Fly Str+2 Dex+2} disappears.
The orc wizard hits you but does no damage.
The orc wizard is burned by your cloak of flames.
The orc wizard is heavily wounded.
The +9 mace of Giekhlufiw {spect, Fly Str+2 Dex+2} hits you but does no damage.
A +9 mace of Giekhlufiw {spect, Fly Str+2 Dex+2} comes into view.
You hit the orc wizard.
You kill the orc wizard!
The +9 mace of Giekhlufiw {spect, Fly Str+2 Dex+2} disappears.
You hit the orc priest but do no damage.
The orc priest hits you with a +0 falchion.
The orc priest is burned by your cloak of flames.
The orc priest is lightly wounded.
An orc wizard comes into view.
It is wielding a +0 dagger and wearing a +2 robe of fire resistance.
The orc priest hits you but does no damage.
The orc priest is burned by your cloak of flames.
The orc priest is moderately wounded.
You barely miss the orc priest.
The orc priest is moderately wounded.
You barely miss the orc. The orc hits you but does no damage.
The orc is burned by your cloak of flames.
The orc is severely wounded.
The orc priest calls down the wrath of Beogh upon you.
Beogh smites you!
You die...

.'... o# .###
#. ..# #.. ..
... .. .
#.#####.
#.'...o
###.oo###
#....@).#
#+#...#'# #.#
#.#...# .. #.#
###.##'## ...
##.# #......##
..# ..##
####.......#+#
## ...
.............#
+ #.# #
###.....#####
#.###.# ##
#.....#
#.#...######


You could see an orc priest, an orc wizard and 2 orcs.

Vanquished Creatures
  A steam dragon (D:5)
  A sky beast (D:5)
  A phantom (D:4)
  2 scorpions
  5 wights (D:4)
  2 hounds (D:5)
  An orc wizard (D:5)
  4 adders
  3 gnolls (D:4)
  A white imp (D:4)
  2 worms
  2 dart slugs (D:1)
  2 orcs
  4 endoplasms
  3 giant cockroaches
  5 goblins
  7 hobgoblins
  5 jackals
  5 kobolds
  3 quokkas
  3 ball pythons
  4 bats
  3 frilled lizards
  2 rats
71 creatures vanquished.

Vanquished Creatures (others)
  A bat (D:3)
1 creature vanquished.

Grand Total: 72 creatures vanquished

Notes
Turn   | Place    | Note
-------+----------+-------------------------------------------
     0 | D:1      | qw the Gargoyle Cinder Acolyte began the quest for the Orb.
     0 | D:1      | Reached XP level 1. HP: 14/14 MP: 2/2
     0 | D:1      | 0 ||| qw: Version: 0.2-a-95-gc95f03d
     0 | D:1      | 0 ||| qw: Game counter: 41
     0 | D:1      | 0 ||| qw: Always use a shield: true
     0 | D:1      | 0 ||| qw: God list: Okawaru
     0 | D:1      | 0 ||| qw: Allow faded altars: false
     0 | D:1      | 0 ||| qw: Do Orc after D:15 true
     0 | D:1      | 0 ||| qw: Do second Lair branch before Depths: true
     0 | D:1      | 0 ||| qw: Lair rune preference: random
     0 | D:1      | 0 ||| qw: Plans: Normal
     0 | D:1      | 0 ||| PLANNING D:1-11
    27 | D:1      | 27 ||| Stepping ~*~*~tactically~*~*~ (stealth).
    53 | D:1      | Reached skill level 3 in Axes
    71 | D:1      | Reached XP level 2. HP: 19/19 MP: 3/3
   540 | D:1      | 540 ||| Stepping ~*~*~tactically~*~*~ (hiding).
   762 | D:1      | Reached XP level 3. HP: 23/23 MP: 4/4
   795 | D:1      | 795 ||| UPGRADING to +0 ring mail.
   805 | D:1      | 805 ||| DROPPING +0 robe.
   806 | D:1      | 806 ||| READING scroll labelled TECIBA SISUAT.
   807 | D:1      | 807 ||| READING scroll labelled KETOFI KOXU.
  1492 | D:2      | 1492 ||| UPGRADING to +0 pair of boots.
  1497 | D:2      | 1497 ||| DROPPING ring of wizardry.
  1498 | D:2      | 1498 ||| READING scroll labelled MASOAR HELI.
  1499 | D:2      | 1499 ||| READING scroll labelled HUDECL WEUTOZU.
  1502 | D:2      | 1502 ||| READING scroll labelled OGYAQI RITT.
  1528 | D:3      | 1528 ||| STAIRDANCE
  1618 | D:3      | Reached skill level 1 in Armour
  1644 | D:3      | Reached skill level 4 in Axes
  1702 | D:3      | Reached XP level 4. HP: 27/28 MP: 5/5
  1708 | D:3      | Found a faded altar of an unknown god.
  1724 | D:3      | 1724 ||| READING scroll labelled HASE OBBAAN.
  1852 | D:3      | 1852 ||| Stepping ~*~*~tactically~*~*~ (water).
  2092 | D:3      | 2092 ||| READING scroll labelled BUFORCHOGOI.
  2093 | D:3      | 2093 ||| READING scroll labelled QOCAFFEESCH.
  2094 | D:3      | 2094 ||| DRINKING 2 green potions.
  2095 | D:3      | 2095 ||| DROPPING potion of brilliance.
  2131 | D:4      | Found a hide-covered altar of Uskayaw.
  2178 | D:4      | 2178 ||| Stepping ~*~*~tactically~*~*~ (stealth).
  2306 | D:4      | 2306 ||| Stepping ~*~*~tactically~*~*~ (hiding).
  2307 | D:4      | 2307 ||| SWAPPING to +0 war axe.
  2309 | D:4      | 2309 ||| INVOKING Fiery Armour.
  2375 | D:4      | Found an ornate altar of the Wu Jian Council.
  2411 | D:4      | Reached XP level 5. HP: 31/32 MP: 6/6
  2425 | D:4      | Reached skill level 5 in Axes
  2426 | D:4      | Reached XP level 6. HP: 20/38 MP: 7/7
  2428 | D:4      | 2428 ||| INVOKING Fiery Armour.
  2431 | D:4      | Reached skill level 6 in Axes
  2565 | D:4      | Reached XP level 7. HP: 39/43 MP: 8/8
  2636 | D:4      | Found a runed translucent gate.
  2669 | D:4      | Noticed qw's ghost (amateur GrCA)
  2671 | D:4      | Found a runed translucent gate.
  2672 | D:4      | Found a runed translucent gate.
  2672 | D:4      | Noticed qw's ghost (weakling GrCA)
  2672 | D:4      | Noticed qw's ghost (amateur GrCA)
  2673 | D:4      | Noticed qw's ghost (novice GrCA)
  2864 | D:4      | Found a basalt altar of Yredelemnul.
  3196 | D:4      | 3196 ||| UPGRADING to +0 chain mail.
  3206 | D:4      | 3206 ||| DROPPING +0 ring mail.
  3207 | D:4      | 3207 ||| READING scroll labelled DETWUXE RYIVOSE.
  3308 | D:4      | 3308 ||| READING scroll labelled ERESKI INOAGOE.
  3309 | D:4      | 3309 ||| DRINKING 4 clear potions.
  3310 | D:4      | 3310 ||| READING 2 scrolls of identify.
  3310 | D:4      | 3310 ||| IDENTIFYING ruby potion
  3311 | D:4      | 3311 ||| DROPPING potion of attraction.
  3312 | D:4      | 3312 ||| DROPPING 3 potions of flight.
  3381 | D:5      | Entered Level 5 of the Dungeon
  3517 | D:5      | Found a stormy altar of Qazlal.
  3538 | D:5      | 3538 ||| INVOKING Fiery Armour.
  3540 | D:5      | Reached skill level 3 in Armour
  3706 | D:5      | Noticed a steam dragon
  3715 | D:5      | Killed a steam dragon
  3716 | D:5      | Reached skill level 7 in Axes
  3812 | D:5      | Found an iron altar of Okawaru.
  3841 | D:5      | Reached XP level 8. HP: 38/48 MP: 9/9
  3954 | D:5      | Identified the +9 mace of Giekhlufiw {spect, Fly Str+2
                  | Dex+2}
  3955 | D:5      | 3955 ||| Stepping ~*~*~tactically~*~*~ (hiding).
  3965 | D:5      | 3965 ||| INVOKING Fiery Armour.
  3968 | D:5      | HP: 11/48 [orc priest/+0 falchion (4)]
  3969 | D:5      | Killed from afar by an orc priest

Levels and vault maps discovered:
D:1:      dpeg_arrival_oval, layout_basic
D:2:      layout_loops_ring, item_on_display_a
D:3:      layout_rooms, ebering_ecumenical_altar_mist, kennysheep_boxes
D:4:      layout_cave_pods, overflow_temple_1_default,
          mainiacjoe_overflow_paths, nicolae_wu_jian_immortal_techniques,
          gammafunk_ghost_cemetery
D:5:      nicolae_cairo_tiling_large, layout_loops_ring,
          nicolae_qazlal_beasts_of_the_sky, okawaru_ov_weapons_minmay,
          minivault_24

Skill      XL: |  1  2  3  4  5  6  7 |
---------------+----------------------+-----
Axes           | 3 4 5 6 7 |  7.4
Armour         | 1 3 |  3.4
Fighting       | 4 |  4.9
Spellcasting   | |  1.0
Fire Magic     | |  3.0

Action                     |  1- 3 |  4- 6 |  7- 9 || total
---------------------------+-------+-------+-------++-------
  Melee: Hand axe          |   128 |    40 |       ||   168
         Punch             |     1 |       |     1 ||     2
         War axe           |       |    33 |    96 ||   129
 Invoke: Fiery Armour      |       |     2 |     2 ||     4
    Use: Scroll            |     5 |     3 |     3 ||    11
         Potion            |       |     1 |     1 ||     2
 Armour: Robe              |    20 |       |       ||    20
         Ring mail         |    45 |    60 |    19 ||   124
         Chain mail        |       |       |    61 ||    61
  Dodge: Dodged            |    71 |    51 |    35 ||   157

Table legend:
 A = Non-vault XP
 B = Vault XP
 C = Vault XP percentage of total XP
 D = Non-vault monster count
 E = Vault monster count
 F = Vault count percentage of total count
                 A         B        C        D         E       F
            +---------+---------+-------+---------+---------+-------
      Total |    1166 |     136 |  10.4 |      70 |       1 |   1.4
            +---------+---------+-------+---------+---------+-------
        D:1 |      34 |       0 |   0.0 |      17 |       0 |   0.0
        D:2 |      18 |       0 |   0.0 |       8 |       0 |   0.0
        D:3 |      44 |       0 |   0.0 |      17 |       0 |   0.0
        D:4 |     659 |       0 |   0.0 |      21 |       0 |   0.0
        D:5 |     411 |     136 |  24.9 |       7 |       1 |  12.5
            +---------+---------+-------+---------+---------+-------
